 Dungeon Crawl Stone Soup version 0.19-a0-1803-g97ff39f (webtiles) character file.

11837 Naow the Fighter (level 11, -2/160 HPs)
             Began as a Minotaur Berserker on Oct 5, 2016.
             Was a High Priest of Trog.
             Slain by a tengu warrior
             ... wielding a +0 war axe
              (11 damage)
             ... on level 11 of the Dungeon.
             The game lasted 00:20:18 (11832 turns).

Naow the Fighter (Minotaur Berserker)              Turns: 11832, Time: 00:20:18

Health: -2/160     AC:  4    Str: 30    XL:     11   Next: 54%
Magic:  3/3        EV: 15    Int:  7    God:    Trog [*****.]
Gold:   572        SH:  0    Dex: 11    Spells: 0 memorised, 10 levels left

rFire  . . .     SeeInvis .     L - +3 broad axe (antimagic)
rCold  . . .     Gourm    .     b - +0 animal skin
rNeg   . . .     Faith    .     (no shield)
rPois  +         Spirit   .     (helmet restricted)
rElec  .         Dismiss  +     C - +1 cloak
rCorr  .         Reflect  .     (no gloves)
MR     .....     Harm     .     (no boots)
Stlth  ..........               N - amulet of dismissal
                                v - +4 ring of strength
                                n - ring of poison resistance

@: berserking, heavily drained, very quick
A: retaliatory headbutt, horns 2
a: Berserk, Trog's Hand, Brothers in Arms, Burn Spellbooks, Renounce Religion


You were on level 11 of the Dungeon.
You worshipped Trog.
Trog was extremely pleased with you.
You were very full.

You visited 1 branch of the dungeon, and saw 11 of its levels.

You collected 572 gold pieces.

Inventory:

Hand Weapons
 a - a +0 hand axe
 L - a +3 antimagic broad axe (weapon)
 M - the +3 trident of the Extremes {venom, *Drain rN+ Int+4 Dex+3}
   (You found it on level 9 of the Dungeon)

   It poisons the flesh of those it strikes.
   It affects your intelligence (+4).
   It affects your dexterity (+3).
   It protects you from negative energy.
   It causes draining when unequipped.
Armour
 b - a +0 animal skin (worn)
 C - a +1 cloak (worn)
Jewellery
 n - a ring of poison resistance (left hand)
 s - an uncursed amulet of the gourmand
 v - a +4 ring of strength (right hand)
 w - an uncursed ring of stealth
 G - an uncursed ring of positive energy
 N - an amulet of dismissal (around neck)
Wands
 y - a wand of acid (8/15)
 A - a wand of confusion (9/48)
 F - a wand of flame (18/48)
 O - a wand of lightning (8/15)
Scrolls
 f - a scroll of fear {unknown}
 g - a scroll of magic mapping {unknown}
 h - 4 scrolls of amnesia
 j - 2 scrolls of noise {unknown}
 k - 2 scrolls of recharging {unknown}
 l - 7 scrolls of identify {unknown}
 o - 3 scrolls of immolation
 p - 3 scrolls of fog
 q - 3 scrolls of remove curse
 r - 3 scrolls of enchant armour {unknown}
 u - 7 scrolls of teleportation {unknown}
 B - a scroll of blinking {unknown}
 D - a scroll of holy word {unknown}
 J - a scroll of random uselessness {unknown}
 Q - 2 scrolls of vulnerability {unknown}
Potions
 e - 4 potions of degeneration {unknown}
 m - 8 potions of curing {unknown}
 t - 3 potions of brilliance {unknown}
 x - 5 potions of flight {unknown}
 E - a potion of berserk rage {unknown}
 I - a potion of agility
 R - a potion of invisibility {unknown}
Books
 H - a book of Callings

   Spells                             Type                      Level
   a - Summon Small Mammal            Summoning                    1
   b - Call Imp                       Summoning                    2
   c - Call Canine Familiar           Summoning                    3
   d - Summon Guardian Golem          Hexes/Summoning              3
   e - Summon Lightning Spire         Summoning/Air                4
   f - Summon Ice Beast               Ice/Summoning                4
   Trog disapproves of the use of such an item.
 K - a book of Minor Magic

   Spells                             Type                      Level
   a - Magic Dart                     Conjuration                  1
   b - Blink                          Translocation                2
   c - Call Imp                       Summoning                    2
   d - Repel Missiles                 Charms/Air                   2
   e - Slow                           Hexes                        2
   f - Conjure Flame                  Conjuration/Fire             3
   g - Mephitic Cloud                 Conjuration/Poison/Air       3
   Trog disapproves of the use of such an item.
 P - a book of Enchantments

   Spells                             Type                      Level
   a - Cause Fear                     Hexes                        4
   b - Yara's Violent Unravelling     Hexes/Transmutation          5
   c - Silence                        Hexes/Air                    5
   d - Deflect Missiles               Charms/Air                   6
   e - Discord                        Hexes                        8
   Trog disapproves of the use of such an item.
Comestibles
 c - 6 bread rations
 d - 2 meat rations
 i - 20 fruits
 z - 2 slices of pizza


   Skills:
 + Level 13.3(11.5) Fighting
 - Level 12.4(10.9) Axes
 - Level 4.3(7.6) Polearms
 - Level 2.4(1.0) Armour
 - Level 8.0(6.4) Dodging
 - Level 6.5(5.0) Stealth


You had 10 spell levels left.
You didn't know any spells.

Dungeon Overview and Level Annotations

Branches:
Dungeon (11/15)            Temple (0/1) D:5            Lair (0/6) D:8
    Orc (0/2) D:9

Altars:
Cheibriados
Dithmenos
Elyvilon
Fedhas
Makhleb
Okawaru
Qazlal
Ru
Trog
Vehumet
The Shining One


Innate Abilities, Weirdness & Mutations

You reflexively headbutt those who attack you in melee.
You have a pair of horns on your head.


Message History

You are too injured to fight recklessly!
You hit the tengu warrior.
The tengu warrior is moderately wounded.
You hit the tengu warrior.
The tengu warrior is moderately wounded.
The tengu warrior misses you.
The tengu warrior pecks you but does no damage.
The tengu warrior claws you.
* * * LOW HITPOINT WARNING * * *
You closely miss the tengu warrior. Your headbutt misses the tengu warrior.
The tengu warrior is moderately wounded.
You miss the tengu warrior.
The tengu warrior is moderately wounded.
The tengu warrior hits you with an uncursed war axe!!
* * * LOW HITPOINT WARNING * * *
The tengu warrior misses you. The tengu warrior barely misses you.
You completely miss the tengu warrior.
The tengu warrior is moderately wounded.
The tengu warrior hits you with an uncursed war axe!
You die...

#. ###..........#
##.#######.'..........+
#.......#..#..........#
#.........##..........#
#.......####..........#
#.....(.# #....))....#
#.......# #..........#
##.....(.# #..........#
.......@.# ####'#######
##.$..Q..# #.####
#..$....# #....#
####.#### ####.# #.
######'## ..
#.......### ###
#.......'.. +.......###
#.......# #


You could see a tengu warrior.

Vanquished Creatures
  Fannar (D:10)
  The ghost of nivlat the Sneak, a journeyman GrSu of Fedhas (D:10)
  3 hill giants (D:10)
  Pikel (D:5)
  A manticore (D:11)
  A centaur zombie (D:10)
  The ghost of Naow the Cleaver, a novice MiBe of Trog (D:4)
  A centaur skeleton (D:11)
  A komodo dragon (D:8)
  A troll (D:9)
  Prince Ribbit (D:9)
  A hippogriff (D:9)
  12 yaks
  A wyvern (D:9)
  A basilisk (D:11)
  A slave (D:5)
  An orc warrior (D:11)
  A black bear (D:9)
  2 sky beasts (D:7)
  A hornet zombie (D:7)
  2 ice beasts
  8 ogres
  5 centaurs
  A crocodile (D:8)
  2 big kobolds
  Blork the orc (D:4)
  4 bullfrogs
  A gnoll sergeant (D:5)
  A water moccasin zombie (D:5)
  A wyvern skeleton (D:9)
  4 scorpions
  7 killer bees
  12 wights
  A howler monkey (D:6)
  3 crimson imps
  A gnoll shaman (D:7)
  6 hounds
  2 bullfrog skeletons
  2 iguanas
  6 orc wizards
  4 worker ants
  A hound zombie (D:5)
  2 hound skeletons
  11 adders
  A howler monkey skeleton (D:9)
  A worker ant zombie (D:7)
  18 gnolls
  3 oozes
  An adder skeleton (D:9)
  4 worms
  5 dart slugs
  11 leopard geckos
  22 orcs
  13 bats
  3 giant cockroaches
  11 goblins
  19 hobgoblins
  4 quokkas
  12 frilled lizards
  A jackal skeleton (D:4)
  15 kobolds
  4 rats
  A plant (D:8)
271 creatures vanquished.

Vanquished Creatures (others)
  3 slaves (D:5)
  An orc wizard (D:5)
  A howler monkey zombie (D:5)
  A gnoll (D:5)
  2 orcs (D:5)
  3 jackals (D:5)
  A ball python (D:5)
  A plant (D:8)
13 creatures vanquished.

Grand Total: 284 creatures vanquished

Notes
Turn   | Place    | Note
-------+----------+-------------------------------------------
     0 | D:1      | Naow the Minotaur Berserker began the quest for the Orb.
     0 | D:1      | Reached XP level 1. HP: 19/19 MP: 0/0
   315 | D:1      | Reached skill level 4 in Fighting
   378 | D:1      | Reached XP level 2. HP: 18/27 MP: 1/1
   797 | D:1      | Reached XP level 3. HP: 29/33 MP: 2/2
   909 | D:2      | Reached ** piety under Trog
  1137 | D:2      | Reached XP level 4. HP: 30/41 MP: 3/3
  1140 | D:2      | Reached skill level 5 in Axes
  1717 | D:3      | Reached XP level 5. HP: 33/47 MP: 4/4
  1902 | D:3      | Reached *** piety under Trog
  2289 | D:3      | Found a faded altar of an unknown god.
  2509 | D:4      | Noticed Naow's ghost (novice MiBe)
  2522 | D:4      | Killed Naow's ghost
  2522 | D:4      | Reached skill level 5 in Fighting
  2522 | D:4      | Reached skill level 1 in Stealth
  2522 | D:4      | Reached XP level 6. HP: 56/56 MP: 5/5
  2522 | D:4      | Reached XP level 7. HP: 61/61 MP: 6/6
  2572 | D:4      | Noticed Blork the orc
  2586 | D:4      | Killed Blork the orc
  3147 | D:5      | Entered Level 5 of the Dungeon
  3207 | D:5      | Noticed Pikel
  3237 | D:5      | Killed Pikel
  3237 | D:5      | Reached skill level 6 in Fighting
  3237 | D:5      | Reached skill level 5 in Dodging
  3237 | D:5      | Reached XP level 8. HP: 5/71 MP: 7/7
  3395 | D:5      | Found a staircase to the Ecumenical Temple.
  3704 | D:5      | Reached **** piety under Trog
  4219 | D:5      | Reached skill level 10 in Axes
  4441 | D:5      | Found a glowing golden altar of the Shining One.
  4926 | D:6      | Reached XP level 9. HP: 71/78 MP: 8/8
  4937 | D:6      | Reached skill level 7 in Fighting
  5759 | D:6      | Found a burning altar of Makhleb.
  5760 | D:6      | Found an iron altar of Okawaru.
  6932 | D:7      | Found a blossoming altar of Fedhas.
  6987 | D:7      | Reached skill level 8 in Fighting
  7378 | D:7      | Reached skill level 5 in Stealth
  7818 | D:8      | Found a staircase to the Lair.
  7819 | D:8      | Noticed a komodo dragon
  7835 | D:8      | Killed a komodo dragon
  7835 | D:8      | Reached XP level 10. HP: 57/90 MP: 9/9
  7905 | D:9      | Found a staircase to the Orcish Mines.
  8695 | D:9      | Found a snail-covered altar of Cheibriados.
  8748 | D:9      | Found a white marble altar of Elyvilon.
  8748 | D:9      | Found a glowing golden altar of the Shining One.
  8748 | D:9      | Found a shadowy altar of Dithmenos.
  8748 | D:9      | Found a radiant altar of Vehumet.
  8749 | D:9      | Found a blossoming altar of Fedhas.
  8750 | D:9      | Found a bloodstained altar of Trog.
  8752 | D:9      | Found a stormy altar of Qazlal.
  8792 | D:9      | Reached skill level 9 in Fighting
  8990 | D:9      | Found a sacrificial altar of Ru.
  9180 | D:9      | Got a translucent trident
  9181 | D:9      | Identified the cursed +3 trident of the Extremes {venom, *Drain rN+ Int+4 Dex+3} (You found it on level 9 of the Dungeon)
  9460 | D:9      | Reached ***** piety under Trog
  9679 | D:9      | Noticed Prince Ribbit
  9686 | D:9      | Killed Prince Ribbit
  9805 | D:9      | Reached skill level 1 in Polearms
  9848 | D:10     | Entered Level 10 of the Dungeon
  9899 | D:10     | Noticed a hill giant
  9907 | D:10     | Killed a hill giant
  9937 | D:10     | Noticed Fannar
  9950 | D:10     | Killed Fannar
  9950 | D:10     | Reached skill level 10 in Fighting
  9969 | D:10     | Reached XP level 11. HP: 43/101 MP: 10/10
 10018 | D:10     | Noticed nivlat's ghost (journeyman GrSu)
 10033 | D:10     | Killed nivlat's ghost
 10056 | D:10     | Found an iron altar of Okawaru.
 10077 | D:10     | Noticed a hill giant
 10086 | D:10     | Killed a hill giant
 10086 | D:10     | Reached skill level 11 in Fighting
 10097 | D:10     | Noticed a hill giant
 10103 | D:10     | Killed a hill giant
 10828 | D:11     | Reached skill level 12 in Fighting
 11077 | D:11     | Reached skill level 13 in Fighting
 11081 | D:11     | Received a gift from Trog
 11819 | D:11     | Noticed a tengu warrior
 11832 | D:11     | Slain by a tengu warrior

Vault maps used:
D:1:      elethiomel_arrival_quiet
D:3:      ecumenical_altar_1, st_stairs_7, dk_noncrumbling_4, minmay_mini_jars
D:4:      uniq_blork_the_orc
D:5:      first_bread, tso_altar, uniq_pikel
D:6:      gammafunk_temple_overflow_pools
D:7:      fedhas_altar_fruit_tree
D:8:      nicolae_overflow_crystal_walls, david_lair_shrubbed, basic_altar,
          blue_anna_alchemist, minmay_lizard_king
D:9:      nicolae_ru_great_annihilating_truth, kennysheep_mini, minitemple,
          orc_0_dummy, uniq_prince_ribbit1
D:10:     okawaru_ov_weapons_minmay, uniq_fannar

Skill      XL: |  1  2  3  4  5  6  7  8  9 10 11 |
---------------+----------------------------------+-----
Fighting       | 4 5 6 8 10 13 | 13.3
Axes           | 4 5 7 9 10 12 | 12.4
Dodging        | 3 4 5 6 8 |  8.0
Stealth        | 1 3 5 6 |  6.5
Polearms       | 4 |  4.3
Armour         | |  2.4

Action                   |  1- 3 |  4- 6 |  7- 9 | 10-12 || total
-------------------------+-------+-------+-------+-------++-------
Melee: Hand axe          |    92 |    96 |   373 |    89 ||   650
       Headbutt          |    15 |    12 |    85 |    63 ||   175
       Trident           |       |       |       |   173 ||   173
       Broad axe         |       |       |       |    18 ||    18
Invok: Berserk           |     2 |     1 |    12 |     5 ||    20
       Trog's Hand       |       |     1 |     6 |     2 ||     9
       Brothers in Arms  |       |       |     1 |       ||     1
  Use: Scroll            |       |       |       |     4 ||     4
 Stab: Sleeping          |       |     2 |    11 |    14 ||    27
       Distracted        |       |       |     1 |     1 ||     2
  Eat: Chunk             |     2 |     5 |    20 |    21 ||    48
       Meat ration       |       |       |     2 |     1 ||     3
       Royal jelly       |       |       |     1 |       ||     1
Armor: Animal skin       |    16 |     8 |    50 |    25 ||    99
Dodge: Dodged            |    63 |    70 |   218 |   149 ||   500
